 Dungeon Crawl Stone Soup version 0.17-a0-1748-g222fba8 (webtiles) character file.

77 KambridgeKobold the Ducker (level 4, -1/22 HPs)
             Began as a Spriggan Warper on Sept 1, 2015.
             Slain by a worm (8 damage)
             ... on level 3 of the Dungeon.
             The game lasted 00:08:11 (2696 turns).

KambridgeKobold the Ducker (Spriggan Warper)        Turns: 2696, Time: 00:08:11

Health: -1/22      AC:  2    Str:  8    XL:     4   Next: 14%
Magic:  7/9        EV: 20    Int: 14    God:
Gold:   148        SH:  0    Dex: 15    Spells: 4 memorised, 1 level left

rFire  . . .     SeeInvis +     a - +0 short sword
rCold  . . .     Clarity  .     b - +0 robe
rNeg   . . .     SustAt   .     (shield restricted)
rPois  .         Gourm    .     (helmet restricted)
rElec  .         Spirit   .     (no cloak)
rCorr  .         Warding  .     (gloves unavailable)
rMut   .         Stasis   .     (boots unavailable)
MR     .....                    (no amulet)
Stlth  +++.......               (no ring)
                                h - +1 ring of evasion

@: very quick, not resistant to hostile enchantments, fairly stealthy
A: unfitting armour, see invisible, herbivore 3, speed 3, slow metabolism 2
a: no special abilities


You were on level 3 of the Dungeon.
You were not hungry.

You visited 1 branch of the dungeon, and saw 3 of its levels.

You collected 148 gold pieces.

Inventory:

Hand weapons
 a - a +0 short sword (weapon)
Missiles
 e - 5 tomahawks of dispersal (quivered)
 v - a throwing net
Armour
 b - a +0 robe (worn)
Jewellery
 h - a +1 ring of evasion (left hand)
 t - an uncursed ring of magical power {unknown}
Scrolls
 d - a scroll of blinking
 g - a scroll of magic mapping {unknown}
 i - a scroll of enchant armour {unknown}
 j - a scroll of remove curse {unknown}
 k - 4 scrolls of teleportation {unknown}
 l - 3 scrolls of identify {unknown}
 p - a scroll of immolation {unknown}
 q - a scroll of fog {unknown}
 r - a scroll of enchant weapon {unknown}
 y - a scroll of recharging {unknown}
Potions
 m - 4 potions of curing {unknown}
 n - a potion of haste {unknown}
 o - a potion of might {unknown}
 w - a potion of brilliance {unknown}
 z - 2 potions of degeneration {unknown}
Books
 c - a book of Spatial Translocations

   Spells                             Type                      Level
   a - Apportation                    Translocation                1
   b - Blink                          Translocation                2
   c - Shroud of Golubria             Charms/Translocation         2
   d - Portal Projectile              Translocation                3
   e - Teleport Other                 Translocation                3
   f - Passage of Golubria            Translocation                4
 s - a book of Annihilations

   Spells                             Type                      Level
   a - Poison Arrow                   Conjuration/Poison           6
   b - Chain Lightning                Conjuration/Air              8
   c - Lehudib's Crystal Spear        Conjuration/Earth            8
   d - Glaciate                       Conjuration/Ice              9
   e - Fire Storm                     Conjuration/Fire             9
Comestibles
 f - 3 bread rations
 u - a slice of pizza
 x - 3 fruits


   Skills:
 - Level 1.5 Fighting
 + Level 3.1 Short Blades
 - Level 1.1 Throwing
 + Level 4.5 Dodging
 + Level 3.4 Stealth
 - Level 3.1 Spellcasting
 - Level 4.4 Translocations


You had one spell level left.
You knew the following spells:

 Your Spells              Type           Power        Failure   Level  Hunger
a - Apportation           Tloc           ##........   3%          1    #......
b - Blink                 Tloc           N/A          6%          2    ##.....
c - Shroud of Golubria    Chrm/Tloc      #.........   17%         2    ##.....
d - Teleport Other        Tloc           ##......     12%         3    ###....


Dungeon Overview and Level Annotations

Branches:
Dungeon (3/15)

Altars:
Kikubaaqudgha
Yredelemnul
The Shining One

Annotations:
D:2 Sigmund


Innate Abilities, Weirdness & Mutations

You are tiny and cannot use many weapons and most armour.
You have supernaturally acute eyesight.
You are a herbivore.
You cover ground extremely quickly.
You need consume almost no food.


Message History

You hit the hobgoblin.
You kill the hobgoblin!
Casting: Shroud of Golubria
Confirm with . or Enter, or press ? or * to list all spells.
You renew your shroud.
You hit the worm.
The worm is lightly wounded.
The worm barely misses you.
You barely miss the worm.
The worm is lightly wounded.
You hit the worm.
The worm is lightly wounded.
The worm bites you!
Your shroud falls apart!
You hit the worm.
The worm is lightly wounded.
You hit the worm.
The worm is moderately wounded.
The worm bites you!
You die...

######## ##......##
##........##
#....@.....#
#....w.....# ####
#### #<...).....#
#... ..#
#..........# ###...
#.# #..........#
.....
#.####........## #..
## #..###..........
#.#
...##..#..........##
####..
#...#............##
##....#


You could see a worm.

Vanquished Creatures
  4 adders (D:2)
  2 worms (D:2)
  4 bats
  A giant cockroach (D:2)
  5 goblins
  7 hobgoblins
  A quokka (D:2)
  2 giant geckos (D:2)
  4 giant newts
  3 kobolds
  8 rats
41 creatures vanquished.

Notes
Turn   | Place    | Note
--------------------------------------------------------------
     0 | D:1      | KambridgeKobold the Spriggan Warper began the quest for the Orb.
     0 | D:1      | Reached XP level 1. HP: 10/10 MP: 5/5
   303 | D:1      | Reached skill level 1 in Stealth
   646 | D:1      | Reached XP level 2. HP: 11/14 MP: 7/7
  1420 | D:2      | Reached XP level 3. HP: 16/18 MP: 8/8
  1511 | D:2      | Learned a level 2 spell: Blink
  1547 | D:2      | Found a glowing golden altar of the Shining One.
  1549 | D:2      | Noticed an angel
  1713 | D:2      | Learned a level 2 spell: Shroud of Golubria
  1717 | D:2      | Learned a level 3 spell: Teleport Other
  2024 | D:2      | Found a basalt altar of Yredelemnul.
  2026 | D:2      | Noticed a profane servitor
  2114 | D:2      | Noticed Sigmund
  2176 | D:2      | Found an ancient bone altar of Kikubaaqudgha.
  2189 | D:2      | Reached XP level 4. HP: 15/22 MP: 7/9
  2696 | D:3      | Slain by a worm

Vault maps used:
D:1:      sevenhm_arrival_forest_fort_small_4
D:2:      grunt_temple_overflow_holy_war, lemuel_crystal_altar, uniq_sigmund
D:3:      uniq_natasha

Action                   |  1- 3 |  4- 6 || total
-------------------------+-------+-------++-------
Melee: Short sword       |   158 |    38 ||   196
 Cast: Shroud of Golubri |     3 |     2 ||     5
       Blink             |     1 |       ||     1
 Stab: Sleeping          |     7 |     2 ||     9
